AoeStats
← bananin.cxs

Lombardia

508561949Analyzed
4v4 RM · 11d ago on Sep 23, 2026· 20m 17s· 8 players
Game mode
Random Map
Map size
Large (8 player)
Population
200
Speed
Normal
Resources
Standard
Victory
Conquest
Starting age
Dark Age
Ending age
Imperial Age
RankedLock teamsTeams togetherTeam positionsShared explorationLock speedFull tech treeHidden civsTurbo modeCheats
Victory
Defeat
🇨🇱 Mapuche · Chile
1149
+11
🇨🇱 Lithuanians · Chile
1146
+11
🇨🇱 Franks · Chile
943
+19
🇺🇾 Spanish · Uruguay
863
+45
1032
-16
🇧🇩 Saxons · Bangladesh
1029
-16
🇺🇸 Malians · United States
1021
-43
1001
-15
hugoliu2004
10:43 Feudal Age
11:01 Man-at-Arms
13:13 Forging
15:51 Double-Bit Axe
16:56 Loom
18:23 Horse Collar
18:32 Town Watch
Supreme Leader Donald J. Trump
10:00 Loom
12:06 Feudal Age
16:57 Castle Age
15:00 Double-Bit Axe
14:56 Horse Collar
15:10 Gold Mining
16:23 Stone Mining
18:41 Bow Saw
:::TIO NACHO ENGROSADOR:::
2:37 Loom
11:18 Feudal Age
11:57 Double-Bit Axe
12:04 Horse Collar
16:15 Bloodlines
pyjalal
12:04 Feudal Age
18:19 Castle Age
17:00 Double-Bit Axe
17:34 Horse Collar
kEzh <3
8:02 Loom
10:22 Feudal Age
15:24 Castle Age
13:39 Double-Bit Axe
14:45 Horse Collar
16:24 Bow Saw
16:55 Heavy Plow
16:48 Stone Mining
19:36 Heavy Plow
bananin.cxs
2:26 Loom
9:29 Feudal Age
11:38 Town Watch
12:42 Double-Bit Axe
16:42 Horse Collar
19:06 Forging
franquitochile
4:01 Loom
10:46 Feudal Age
11:49 Double-Bit Axe
14:18 Forging
14:14 Scale Barding Armor
21:49 Castle Age
booking.naranjo
0:35 Loom
14:46 Feudal Age
Connection lost

Rejoining the realm…

Still unreachable

The connection could not be restored.

Session expired

The server has moved on; the page needs a fresh start.